 Dungeon Crawl Stone Soup version 0.31-a0-198-g2ad674f65e (webtiles) character file.

Game seed: 5512403249118659356

300 qw the Skirmisher (level 6, -1/34 HPs)
             Began as a Deep Elf Hunter on June 25, 2023.
             Slain by a kobold
             ... wielding a +0 dagger
              (2 damage)
             ... on level 6 of the Dungeon.
             The game lasted 00:00:49 (1612 turns).

qw the Skirmisher (Deep Elf Hunter)                 Turns: 1612, Time: 00:00:49

Health: -1/34      AC: 11    Str: 10    XL:     6   Next: 13%
Magic:  8/8        EV:  9    Int: 17    God:
Gold:   154        SH:  0    Dex: 18    Spells: 5/5 levels left

rFire   . . .        Y - +0 shortbow
rCold   . . .        (shield currently unavailable)
rNeg    . . .        j - +0 scale mail
rPois   .            a - +1 helmet {Int+3}
rElec   .            (no cloak)
rCorr   .            d - +2 pair of gloves
SInv    .            (no boots)
Will    .....        (no amulet)
Stlth   +            (no ring)
HPRegen 0.25/turn    (no ring)
MPRegen 0.11/turn

%: no passive effects
@: no status effects
A: no striking features
a: no special abilities


You were on level 6 of the Dungeon.
You visited 1 branch of the dungeon, and saw 4 of its levels.

You collected 154 gold pieces.


   Skills:
 + Level 1.5 Fighting
 - Level 9.1 Ranged Weapons
 - Level 1.9 Armour
 - Level 2.4 Dodging
 - Level 1.2 Stealth


You had 5 spell levels left.
You didn't know any spells.
Your spell library was empty.

Inventory:

Hand Weapons
 Y - a +0 shortbow (weapon)
Armour
 a - a +1 helmet of intelligence (worn)
 d - a +2 pair of gloves (worn)
 j - a +0 scale mail (worn)
Potions
 b - a potion of brilliance {unknown}
 c - a potion of haste
 e - a potion of attraction {unknown}
 f - a potion of heal wounds {unknown}
 h - a potion of ambrosia {unknown}

Dungeon Overview and Level Annotations

Branches:
Dungeon (6/15)
 Temple: D:4-7

Altars:
Makhleb


Message History

You feel sick.
A kobold comes into view. It is wielding a +0 short sword.
The kobold brigand hits you but does no damage.
You shoot an arrow. The arrow hits the kobold brigand.
The kobold brigand is moderately wounded.
You feel sick.
You hear a shout!
The kobold hits you but does no damage.
The kobold brigand hits you with a +0 whip!
You shoot an arrow. The arrow hits the kobold brigand.
The kobold brigand is moderately wounded.
You feel sick.
You are no longer poisoned.
The kobold hits you but does no damage.
A kobold comes into view. It is wielding a +0 dagger.
You shoot an arrow. The arrow hits the kobold brigand.
The kobold brigand is heavily wounded.
The kobold hits you but does no damage. The kobold brigand closely misses you.
The kobold hits you but does no damage. The kobold closely misses you.
The kobold brigand hits you with a +0 whip!
You shoot an arrow.
The arrow closely misses the kobold brigand.
The kobold hits you but does no damage. The kobold closely misses you.
The kobold brigand hits you with a +0 whip.
You shoot an arrow.
The arrow closely misses the kobold brigand.
A kobold comes into view. It is wielding a +0 short sword.
The kobold hits you but does no damage. x2
The kobold brigand hits you with a +0 whip.
You shoot an arrow.
The arrow closely misses the kobold brigand.
The kobold closely misses you.
A wight comes into view. It is wielding a +0 halberd.
The kobold barely misses you.
The kobold brigand hits you with a +0 whip.
You shoot an arrow. The arrow hits the kobold brigand.
The kobold brigand is heavily wounded.
The kobold hits you but does no damage. The kobold brigand barely misses you.
The kobold hits you with a +0 dagger.
You die...

#.###......##
#.# #..###.#
#.# #.... ...
#># ##.### ###
#.# #.# #.#
#.# #.# #.#
#######.####.#
....>....@KK.#
#######..KKK##
#####z# )# .#
.# s# K. .#


You could see a kobold brigand, a wight and 4 kobolds.

Vanquished Creatures
  A phantom (D:6)
  A scorpion (D:6)
  Natasha (thrice) (D:2)
  Robin (D:2)
  3 adders (D:2)
  A worm (D:2)
  A dart slug (D:1)
  5 ball pythons (D:1)
  2 endoplasms (D:1)
  6 giant cockroaches
  6 hobgoblins
  A jackal (D:1)
  4 kobolds
  A quokka (D:1)
  4 bats
  3 frilled lizards
  7 goblins
  8 rats
58 creatures vanquished.

Notes
Turn   | Place    | Note
-------+----------+-------------------------------------------
     0 | D:1      | qw the Deep Elf Hunter began the quest for the Orb.
     0 | D:1      | Reached XP level 1. HP: 12/12 MP: 3/3
     0 | D:1      | 0 ||| qw: Version: 0.3-a-22-g0ed2b0b
     0 | D:1      | 0 ||| qw: Game counter: 5304
     0 | D:1      | 0 ||| qw: Melee chars always use a shield: true
     0 | D:1      | 0 ||| qw: God list: Okawaru
     0 | D:1      | 0 ||| qw: Allow faded altars: false
     0 | D:1      | 0 ||| qw: Do Orc after clearing Dungeon:15 true
     0 | D:1      | 0 ||| qw: Do second Lair branch before Depths: true
     0 | D:1      | 0 ||| qw: Lair rune preference: random
     0 | D:1      | 0 ||| qw: Goals: Normal
     0 | D:1      | 0 ||| PLANNING D:1-11
    12 | D:1      | Found a faded altar of an unknown god.
   245 | D:1      | Reached skill level 6 in Ranged Weapons
   245 | D:1      | Reached XP level 2. HP: 16/16 MP: 4/4
   598 | D:1      | 598 ||| UPGRADING to +1 hat.
   603 | D:1      | 603 ||| UPGRADING to +0 scale mail.
   613 | D:1      | 613 ||| DROPPING +0 leather armour.
   614 | D:1      | 614 ||| READING scroll labelled INWEODW WIST.
   615 | D:1      | 615 ||| READING scroll labelled SESKO YKHLOL.
   616 | D:1      | 616 ||| READING scroll labelled DAITUE OGEGO.
   617 | D:1      | 617 ||| READING scroll labelled TAAG BAPUMN.
   618 | D:1      | 618 ||| DROPPING scroll of butterflies.
   653 | D:2      | Reached XP level 3. HP: 20/20 MP: 5/5
   673 | D:2      | Noticed Robin
   682 | D:2      | Killed Robin
   683 | D:2      | Reached skill level 7 in Ranged Weapons
   683 | D:2      | 683 ||| FLEEEEING.
   684 | D:2      | 684 ||| FLEEEEING.
   685 | D:2      | 685 ||| FLEEEEING.
   686 | D:2      | 686 ||| FLEEEEING.
   687 | D:2      | 687 ||| FLEEEEING.
   688 | D:2      | 688 ||| FLEEEEING.
   689 | D:2      | 689 ||| FLEEEEING.
   690 | D:2      | 690 ||| FLEEEEING.
   691 | D:2      | 691 ||| FLEEEEING.
   692 | D:2      | 692 ||| FLEEEEING.
   693 | D:2      | 693 ||| FLEEEEING.
   694 | D:2      | 694 ||| FLEEEEING.
   695 | D:2      | 695 ||| FLEEEEING.
   696 | D:2      | 696 ||| FLEEEEING.
   697 | D:2      | 697 ||| STAIRDANCE
   718 | D:2      | 718 ||| STAIRDANCE
   775 | D:2      | Found a burning altar of Makhleb.
   829 | D:2      | Reached XP level 4. HP: 25/25 MP: 6/6
  1131 | D:2      | Noticed Natasha
  1132 | D:2      | 1132 ||| Stepping ~*~*~tactically~*~*~ (outnumbered).
  1134 | D:2      | 1134 ||| Stepping ~*~*~tactically~*~*~ (outnumbered).
  1139 | D:2      | Killed Natasha
  1140 | D:2      | Reached skill level 8 in Ranged Weapons
  1263 | D:2      | Noticed Natasha
  1272 | D:2      | Killed Natasha
  1273 | D:2      | Reached XP level 5. HP: 23/29 MP: 7/7
  1369 | D:2      | Noticed Natasha
  1374 | D:2      | Killed Natasha
  1440 | D:2      | 1440 ||| UPGRADING to +1 helmet of intelligence.
  1450 | D:2      | 1450 ||| UPGRADING to +2 pair of gloves.
  1455 | D:2      | 1455 ||| DROPPING +1 hat.
  1456 | D:2      | 1456 ||| DRINKING 2 bubbling ruby potions.
  1474 | D:3      | You fall into a shaft and drop 3 floors!
  1499 | D:6      | Noticed a phantom
  1533 | D:6      | Killed a phantom
  1534 | D:6      | Reached skill level 1 in Armour
  1594 | D:6      | 1594 ||| Stepping ~*~*~tactically~*~*~ (outnumbered).
  1604 | D:6      | Reached skill level 9 in Ranged Weapons
  1604 | D:6      | Reached XP level 6. HP: 24/34 MP: 8/8
  1608 | D:6      | HP: 6/34 [kobold brigand/+0 whip (7)]
  1611 | D:6      | HP: 1/34 [kobold brigand/+0 whip (3)]
  1612 | D:6      | Slain by a kobold

Levels and vault maps discovered:
D:1:      dpeg_arrival_ratfight, layout_loops_ring,
          shapermc_ecumenical_altar_starsandcircs, minmay_cut_off
D:2:      layout_basic, basic_altar, uniq_robin, uniq_natasha
D:3:      layout_basic, uniq_grinder
D:6:      layout_loops_ring, hangedman_abyss_or_decor_stagger

Skill      XL: |  1  2  3  4  5 |
---------------+----------------+-----
Ranged Weapons | 6 7 8 9 |  9.1
Armour         | 1 |  1.9
Fighting       | |  1.5
Dodging        | |  2.4
Stealth        | |  1.2

Action                     |  1- 3 |  4- 6 || total
---------------------------+-------+-------++-------
   Fire: Shortbow          |   112 |    96 ||   208
    Use: Scroll            |     4 |       ||     4
         Potion            |       |     1 ||     1
 Armour: Leather armour    |     4 |       ||     4
         Scale mail        |    19 |    43 ||    62
  Dodge: Dodged            |    33 |    30 ||    63

Table legend:
 A = Non-vault XP
 B = Vault XP
 C = Vault XP percentage of total XP
 D = Non-vault monster count
 E = Vault monster count
 F = Vault count percentage of total count
                 A         B        C        D         E       F
            +---------+---------+-------+---------+---------+-------
      Total |     350 |      79 |  18.4 |      37 |      21 |  36.2
            +---------+---------+-------+---------+---------+-------
        D:1 |      27 |      12 |  30.8 |      15 |       9 |  37.5
        D:2 |     132 |      67 |  33.7 |      19 |      12 |  38.7
        D:6 |     191 |       0 |   0.0 |       3 |       0 |   0.0
            +---------+---------+-------+---------+---------+-------
